 Dungeon Crawl Stone Soup version 0.28.0-45-g0d030f2227 (webtiles) character file.

Game seed: 1520158813810426426

487 Kangaroobicon the Cudgeller (level 7, -1/43 HPs)
             Began as a Gargoyle Fighter on Apr 10, 2022.
             Was an Initiate of the Shining One.
             Slain by a water moccasin (2 damage)
             ... on level 5 of the Dungeon.
             The game lasted 00:39:50 (4200 turns).

Kangaroobicon the Cudgeller (Gargoyle Fighter)      Turns: 4200, Time: 00:39:54

Health: -1/43      AC: 22    Str: 20    XL:     7   Next: 13%
Magic:  7/7        EV:  7    Int:  8    God:    the Shining One [......]
Gold:   156        SH:  4    Dex: 11    Spells: 6/6 levels left

rFire   . . .      SeeInvis .   a - +0 flail
rCold   . . .      Faith    .   c - +0 buckler
rNeg    + . .      Spirit   .   e - +0 chain mail
rPois   ∞          Reflect  .   w - +0 helmet
rElec   +          Harm     .   H - +0 cloak
rCorr   .          Rampage  .   h - +0 pair of gloves
Will    .....                   (no boots)
Stlth   ..........              (no amulet)
HPRegen 0.14/turn               o - ring of wizardry
MPRegen 0.10/turn               q - +4 ring of protection

@: glowing
A: sickness immunity, AC +4, negative energy resistance 1, electricity
resistance, torment resistance 1, petrification resistance
a: Renounce Religion


You were on level 5 of the Dungeon.
You worshipped the Shining One.
The Shining One was noncommittal.
You visited 1 branch of the dungeon, and saw 5 of its levels.

You collected 178 gold pieces.
You spent 22 gold pieces at shops.

Inventory:

Hand Weapons
 a - a +0 flail (weapon)
 p - a +2 trident of freezing
 v - a +0 hunting sling
 x - a +0 dagger of speed
 F - a +0 glaive
 I - a +0 war axe of electrocution
Missiles
 f - 236 stones
 k - 90 arrows
 r - 51 sling bullets
 u - 4 boomerangs (quivered)
 B - 5 poisoned darts
 G - 45 bolts
Armour
 c - a +0 buckler (worn)
 d - a +1 ring mail of poison resistance
 e - a +0 chain mail (worn)
 h - a +0 pair of gloves (worn)
 w - a +0 helmet (worn)
 y - a scarf of harm
 H - a +0 cloak (worn)
Jewellery
 o - a ring of wizardry (left hand)
 q - a +4 ring of protection (right hand)
Scrolls
 b - 2 scrolls of amnesia
 i - 2 scrolls of vulnerability
 l - a scroll of torment {unknown}
 m - a scroll of enchant armour {unknown}
 t - a scroll of magic mapping {unknown}
 A - 2 scrolls of fog {unknown}
 D - a scroll of noise {unknown}
 E - a scroll of teleportation {unknown}
Potions
 g - a potion of mutation
 j - 2 potions of heal wounds {unknown}
 n - a potion of ambrosia {unknown}
 s - a potion of flight {unknown}
 z - a potion of attraction {unknown}
 C - 3 potions of curing {unknown}


   Skills:
 + Level 4.2 Fighting
 + Level 5.5 Maces & Flails
 + Level 5.3 Armour
 + Level 0.5 Dodging
 + Level 0.2 Stealth
 + Level 3.7 Shields


You had 6 spell levels left.
You didn't know any spells.
Your spell library contained the following spells:

 Spells                   Type           Power      Damage    Failure   Level
 Scorch                   Fire           0%         2d5       95%         2
 Call Canine Familiar     Summ           0%         N/A       99%         3
 Portal Projectile        Hex/Tloc       0%         N/A       99%         3
 Flame Wave               Conj/Fire      0%         2d4       100%        4
 Leda's Liquefaction      Hex/Erth       0%         N/A       100%        4
 Summon Cactus Giant      Summ           0%         N/A       100%        6


Dungeon Overview and Level Annotations

Branches:
Dungeon (5/15)
 Temple: D:4-7

Altars:
Fedhas
Gozag
Hepliaklqana
Nemelex Xobeh
Qazlal
Xom
Yredelemnul
The Shining One

Shops:
D:1 ?   D:2 ?   D:3 [


Innate Abilities, Weirdness & Mutations

You are immune to sickness and miasma.
Your stone body is resilient. (AC +4)
You are immune to poison.
You resist negative energy. (rN+)
You are resistant to electric shocks. (rElec)
You are resistant to unholy torment.
You are immune to petrification.


Message History

Found 29 stones.
You now have 115 gold pieces (gained 7).
You now have 127 gold pieces (gained 12).
You now have 143 gold pieces (gained 16).
You now have 156 gold pieces (gained 13).
f - 236 stones (gained 29)
Found a blossoming altar of Fedhas.
There is a blossoming altar of Fedhas here.
There is a blossoming altar of Fedhas here.
You see here a +0 war axe of electrocution.
I - a +0 war axe of electrocution You open the door.
There is an open door here.
You open the door.
A water moccasin comes into view.
An ice beast comes into view.
There is an open door here.
Found a stone staircase leading down.
The water moccasin bites you but does no damage.
You barely miss the water moccasin. The water moccasin closely misses you.
The water moccasin bites you.
You closely miss the water moccasin. The water moccasin barely misses you.
The water moccasin bites you!
You completely miss the water moccasin.
The water moccasin bites you but does no damage.
You barely miss the water moccasin. The water moccasin bites you.
The water moccasin bites you but does no damage.
You barely miss the water moccasin. The water moccasin barely misses you.
The ice beast hits you. The ice beast freezes you.
You closely miss the water moccasin.
The water moccasin bites you but does no damage.
The ice beast hits you but does no damage.
The water moccasin bites you but does no damage.
You sock the water moccasin!
The water moccasin is heavily wounded.
You block the ice beast's attack. The water moccasin bites you.
The ice beast hits you. The ice beast freezes you!
* * * LOW HITPOINT WARNING * * *
The water moccasin bites you.
You die...

'###### .# #..>.....#
.# #........# .#
#........# .#
#........# .##
#........# ..#
#........# ###
#....S...# #...@Y...#
###############'######
................#
#################


You could see a water moccasin and an ice beast.

Vanquished Creatures
  A water moccasin (D:4)
  An orc priest (D:4)
  2 hounds
  A centaur skeleton (D:5)
  Terence (D:2)
  A scorpion zombie (D:4)
  An iguana (D:5)
  An orc wizard (D:4)
  A hound zombie (D:4)
  2 hound skeletons
  Robin (D:3)
  3 adders
  3 worms
  A dart slug (D:1)
  4 orcs
  A bat (D:1)
  5 endoplasms
  6 giant cockroaches
  15 goblins
  11 hobgoblins
  7 ball pythons
  3 frilled lizards
  2 kobolds
  4 rats
78 creatures vanquished.

Notes
Turn   | Place    | Note
-------+----------+-------------------------------------------
     0 | D:1      | Kangaroobicon the Gargoyle Fighter began the quest for the
                  | Orb.
     0 | D:1      | Reached XP level 1. HP: 14/14 MP: 1/1
   202 | D:1      | Reached XP level 2. HP: 19/19 MP: 2/2
   222 | D:1      | Found a faded altar of an unknown god.
   463 | D:1      | Found Hettueps's Magic Scroll Emporium.
  1158 | D:2      | Reached XP level 3. HP: 11/24 MP: 3/3
  1160 | D:2      | Found Wiosit's Magic Scroll Shoppe.
  1321 | D:2      | Bought a scroll of identify for 22 gold pieces
  1792 | D:2      | Noticed Terence
  1802 | D:2      | Killed Terence
  1803 | D:2      | Reached XP level 4. HP: 9/29 MP: 4/4
  2478 | D:3      | Noticed Robin
  2492 | D:3      | Killed Robin
  2493 | D:3      | Reached XP level 5. HP: 14/33 MP: 5/5
  2880 | D:3      | Found a glowing golden altar of the Shining One.
  2886 | D:3      | Became a worshipper of the Shining One
  3067 | D:3      | Found a stormy altar of Qazlal.
  3106 | D:3      | Found Linyef's Antique Armour Shop.
  3223 | D:3      | Found a hazy altar of Hepliaklqana.
  3298 | D:4      | Reached skill level 5 in Armour
  3397 | D:4      | Found a sparkling altar of Nemelex Xobeh.
  3487 | D:4      | Reached XP level 6. HP: 36/38 MP: 6/6
  3624 | D:4      | Found a basalt altar of Yredelemnul.
  3711 | D:4      | Noticed a water moccasin
  3725 | D:4      | Killed a water moccasin
  3726 | D:4      | Reached skill level 5 in Maces & Flails
  3938 | D:5      | Entered Level 5 of the Dungeon
  3999 | D:5      | Found an opulent altar of Gozag.
  3999 | D:5      | Found a shimmering altar of Xom.
  4045 | D:5      | Reached XP level 7. HP: 41/43 MP: 7/7
  4084 | D:5      | Found a blossoming altar of Fedhas.
  4200 | D:5      | HP: 1/43 [ice beast (14)]
  4200 | D:5      | Slain by a water moccasin

Illustrated notes

Levels and vault maps discovered:
D:1:      onia_arrival_mini_maze_b, layout_loops_corners, serial_shops, shop,
          hellmonk_ecumenical_altar_crossroads, kennysheep_small_spiral,
          supply_closet_lemuel
D:2:      layout_loops_ring, serial_shops, shop, uniq_terence
D:3:      layout_loops_cross, nzn_hepliaklqana_mist_gate,
          nicolae_tso_swordbearing_angel, mainiacjoe_overflow_boulevard,
          serial_shops, shop, minmay_ruptured, uniq_robin
D:4:      layout_loops_ring, lemuel_crystal_altar,
          lemuel_zombie_altar_yredelemnul, kennysheep_generic_room_2
D:5:      layout_basic, fedhas_altar_4, jmf_multi_god_temple

Skill      XL: |  1  2  3  4  5  6 |
---------------+-------------------+-----
Armour         | 4 5 |  5.3
Maces & Flails | 3 4 5 |  5.5
Fighting       | 4 |  4.2
Dodging        | |  0.5
Stealth        | |  0.2
Shields        | |  3.7

Action                   |  1- 3 |  4- 6 |  7- 9 || total
-------------------------+-------+-------+-------++-------
Melee: Flail             |   132 |   168 |    18 ||   318
  Use: Scroll            |     3 |       |       ||     3
       Potion            |     1 |       |       ||     1
Armor: Chain mail        |    77 |   120 |    14 ||   211
       Scale mail        |     1 |       |       ||     1
Dodge: Dodged            |    35 |    49 |    11 ||    95
Block: Buckler           |    26 |    24 |     6 ||    56
